 Dungeon Crawl Stone Soup version 0.19.1 (webtiles) character file.

6896 HessuHobo the Severer (level 10, -2/144 HPs)
             Began as a Minotaur Berserker on Dec 28, 2016.
             Was a High Priest of Trog.
             Slain by an unseen horror (8 damage)
             ... on level 10 of the Dungeon.
             The game lasted 00:12:39 (11295 turns).

HessuHobo the Severer (Minotaur Berserker)         Turns: 11295, Time: 00:12:39

Health: -2/144     AC: 13    Str: 31    XL:     10   Next: 79%
Magic:  9/9        EV:  8    Int:  4    God:    Trog [*****.]
Gold:   465        SH:  0    Dex:  9    Spells: 0 memorised, 9 levels left

rFire  x . .     SeeInvis .     a - +0 hand axe
rCold  + . .     Gourm    .     G - +0 plate armour
rNeg   + . .     Faith    .     (no shield)
rPois  .         Spirit   .     (helmet restricted)
rElec  .         Reflect  .     E - +0 cloak
rCorr  .         Harm     .     (no gloves)
MR     .....                    p - +0 pair of boots
Stlth  ..........               (no amulet)
                                P - ring of ice
                                c - ring of positive energy

@: berserking, very quick
A: retaliatory headbutt, horns 2
a: Berserk, Trog's Hand, Brothers in Arms, Burn Spellbooks, Renounce Religion


You were on level 10 of the Dungeon.
You worshipped Trog.
Trog was extremely pleased with you.
You were not hungry.

You visited 1 branch of the dungeon, and saw 10 of its levels.

You collected 465 gold pieces.

Inventory:

Hand Weapons
 a - a +0 hand axe (weapon)
Armour
 b - a +0 animal skin
 l - a +0 ring mail
 p - a +0 pair of boots (worn)
 E - a +0 cloak (worn)
 G - a +0 plate armour (worn)
Jewellery
 c - a ring of positive energy (left hand)
 u - an uncursed ring of resist corrosion {unknown}
 P - a ring of ice (right hand)
Wands
 g - a wand of digging (6/24)
 C - a wand of paralysis (6/24)
 F - a wand of acid (7/15)
 K - a wand of iceblast (6/15)
 O - a wand of flame (23/48)
Scrolls
 d - a scroll of fear {unknown}
 h - 2 scrolls of amnesia {unknown}
 k - 5 scrolls of teleportation {unknown}
 m - 2 scrolls of blinking {unknown}
 n - 2 scrolls of random uselessness {unknown}
 q - 7 scrolls of identify {unknown}
 r - 2 scrolls of remove curse {unknown}
 s - 3 scrolls of magic mapping {unknown}
 t - 4 scrolls of immolation {unknown}
 w - 2 scrolls of enchant weapon {unknown}
 x - 3 scrolls of recharging {unknown}
 y - a scroll of vulnerability {unknown}
 A - a scroll of summoning {unknown}
 D - a scroll of fog {unknown}
Potions
 e - 2 potions of might
 f - 3 potions of agility
 i - 3 potions of flight {unknown}
 j - 4 potions of heal wounds
 o - a potion of lignification {unknown}
 z - a potion of beneficial mutation {unknown}
 B - a potion of invisibility {unknown}
 J - a potion of curing
 M - a potion of mutation {unknown}
Miscellaneous
 I - a lamp of fire
Comestibles
 v - 2 slices of pizza
 H - 3 bread rations
 L - 5 chunks of flesh
 N - 3 fruits


   Skills:
 + Level 11.3 Fighting
 + Level 15.2 Axes
 - Level 2.4 Armour
 - Level 2.1 Dodging
 + Level 3.9 Stealth


You had 9 spell levels left.
You didn't know any spells.

Dungeon Overview and Level Annotations

Branches:
Dungeon (10/15)            Temple (0/1) D:7            Lair (0/6) D:9
    Orc: D:9-12

Altars:
Ashenzari
Fedhas
Gozag
Makhleb
Sif Muna
Xom
Yredelemnul


Innate Abilities, Weirdness & Mutations

You reflexively headbutt those who attack you in melee.
You have a pair of horns on your head.


Message History

The hill giant hits you with a giant club.
You hit the hill giant but do no damage.
The hill giant is moderately wounded.
Something hits you.
You hit the hill giant. You headbutt the hill giant.
The hill giant is heavily wounded.
You barely miss something. Something hits you.
The hill giant hits you with a giant club!!!
* * * LOW HITPOINT WARNING * * *
You are too injured to fight recklessly!
A red film seems to cover your vision as you go berserk!
You feel yourself moving faster!
You feel mighty!
You feel a lot more hungry. Something hits you.
* * * LOW HITPOINT WARNING * * *
The hill giant hits you with a giant club!
* * * LOW HITPOINT WARNING * * *
You slash the hill giant! Your headbutt misses the hill giant.
The hill giant is severely wounded.
You miss something. Something hits you!
You die...

.... #..# #..# ..# ..
... #..# #(.# #..# ..
#..# #..# #..# .. . #..#
#..# #..# .. #..# #..#
#..# ..
####..####..####..# ..
..................####..
.............)..........
.......@.#######........
.......C.# #..####..
.<.......# #..# #..
..!......# #..# #..
.........#######..####..
.....)..................
.......................<
##..####..####.......###
#.......#(.


You could see a hill giant.

Vanquished Creatures
  Erolcha (D:10)
  Pikel (D:8)
  Joseph (D:7)
  A spiny frog (D:9)
  Grinder (D:5)
  A hippogriff (D:5)
  A yak (D:9)
  Eustachio (D:4)
  A steam dragon (D:8)
  2 hungry ghosts
  Menkaure (D:4)
  2 water moccasins
  4 slaves (D:8)
  4 sky beasts
  6 ogres
  A phantom (D:8)
  4 necrophages (D:7)
  4 centaurs
  6 bullfrogs
  A gnoll sergeant (D:5)
  2 scorpions
  5 wights (D:5)
  5 killer bees (D:9)
  7 howler monkeys
  A centaur zombie (D:9)
  3 crimson imps
  6 hounds
  A jelly (D:5)
  An orc wizard (D:8)
  2 orc priests
  A bullfrog skeleton (D:8)
  A centaur skeleton (D:4)
  An iguana (D:7)
  6 worker ants
  3 gnolls (D:5)
  11 adders
  A shadow imp (D:8)
  2 adder skeletons
  An adder zombie (D:7)
  4 worms
  2 dart slugs
  9 leopard geckos
  7 orcs
  11 giant cockroaches
  2 gnoll zombies (D:6)
  8 goblins
  12 hobgoblins
  10 jackals
  4 quokkas
  6 bats
  4 frilled lizards
  8 kobolds
  A leopard gecko skeleton (D:4)
  A leopard gecko zombie (D:7)
  37 rats
  3 bushes (D:7)
233 creatures vanquished.

Vanquished Creatures (others)
  7 plants (D:7)
7 creatures vanquished.

Grand Total: 240 creatures vanquished

Notes
Turn   | Place    | Note
-------+----------+-------------------------------------------
     0 | D:1      | HessuHobo the Minotaur Berserker began the quest for the Orb.
     0 | D:1      | Reached XP level 1. HP: 19/19 MP: 0/0
    76 | D:1      | Reached skill level 4 in Axes
    76 | D:1      | Reached XP level 2. HP: 11/27 MP: 1/1
   994 | D:1      | Reached ** piety under Trog
  1198 | D:2      | Reached XP level 3. HP: 22/34 MP: 2/2
  1785 | D:2      | Reached skill level 5 in Axes
  1785 | D:2      | Reached XP level 4. HP: 22/41 MP: 3/3
  2750 | D:3      | Found a faded altar of an unknown god.
  2858 | D:3      | Reached *** piety under Trog
  2858 | D:3      | Reached skill level 1 in Stealth
  2858 | D:3      | Reached XP level 5. HP: 40/47 MP: 4/4
  2987 | D:3      | Found a deep blue altar of Sif Muna.
  3227 | D:3      | Reached skill level 5 in Fighting
  3245 | D:3      | Reached skill level 6 in Axes
  3260 | D:3      | Reached **** piety under Trog
  3448 | D:3      | Found a glowing drain.
  3545 | D:4      | Noticed Eustachio
  3557 | D:4      | Killed Eustachio
  3557 | D:4      | Reached skill level 7 in Axes
  3557 | D:4      | Reached XP level 6. HP: 56/56 MP: 5/5
  3574 | D:4      | Found a burning altar of Makhleb.
  3921 | D:4      | Noticed Menkaure
  3931 | D:4      | Killed Menkaure
  3934 | D:4      | Found a shattered altar of Ashenzari.
  4218 | D:4      | Reached skill level 8 in Axes
  4218 | D:4      | Reached XP level 7. HP: 41/62 MP: 6/6
  4578 | D:5      | Entered Level 5 of the Dungeon
  4741 | D:5      | Noticed Grinder
  4743 | D:5      | Reached skill level 9 in Axes
  4752 | D:5      | Killed Grinder
  4768 | D:5      | Found an opulent altar of Gozag.
  4779 | D:5      | Reached XP level 8. HP: 49/71 MP: 7/7
  4831 | D:5      | Reached skill level 10 in Axes
  5118 | D:5      | Noticed a hippogriff
  5130 | D:5      | Killed a hippogriff
  5130 | D:5      | Reached skill level 11 in Axes
  6141 | D:6      | Found a shimmering altar of Xom.
  6323 | D:6      | Found a basalt altar of Yredelemnul.
  6510 | D:6      | Found a sand-covered staircase.
  6576 | D:6      | Reached skill level 12 in Axes
  6576 | D:6      | Reached XP level 9. HP: 23/80 MP: 8/8
  7478 | D:7      | Received a gift from Trog
  7593 | D:7      | Noticed Joseph
  7608 | D:7      | Killed Joseph
  7700 | D:7      | Found a blossoming altar of Fedhas.
  7765 | D:7      | Found a staircase to the Ecumenical Temple.
  7852 | D:7      | Reached skill level 13 in Axes
  8825 | D:8      | Reached ***** piety under Trog
  8825 | D:8      | Reached XP level 10. HP: 52/91 MP: 9/9
  9365 | D:8      | Noticed Pikel
  9377 | D:8      | Killed Pikel
  9377 | D:8      | Reached skill level 14 in Axes
  9406 | D:8      | Reached skill level 10 in Fighting
 10058 | D:9      | Noticed a spiny frog
 10071 | D:9      | Killed a spiny frog
 10618 | D:9      | Found a staircase to the Lair.
 11021 | D:10     | Entered Level 10 of the Dungeon
 11213 | D:10     | Noticed Erolcha
 11223 | D:10     | Killed Erolcha
 11223 | D:10     | Reached skill level 15 in Axes
 11280 | D:10     | Noticed a hill giant
 11294 | D:10     | HP: 6/144 [hill giant/giant club (13)]
 11295 | D:10     | Slain by an unseen horror

Skill      XL: |  1  2  3  4  5  6  7  8  9 10 |
---------------+-------------------------------+-----
Axes           | 4 5 7 8 9 12 13 15 | 15.2
Fighting       | 4 5 6 7 9 11 | 11.3
Stealth        | 1 2 3 |  3.9
Armour         | |  2.4
Dodging        | |  2.1

Action                   |  1- 3 |  4- 6 |  7- 9 | 10-12 || total
-------------------------+-------+-------+-------+-------++-------
Melee: Hand axe          |    69 |   153 |   295 |   136 ||   653
       Headbutt          |    12 |    20 |    65 |    29 ||   126
Invok: Berserk           |       |     2 |     8 |     4 ||    14
  Use: Potion            |       |       |     9 |       ||     9
 Stab: Sleeping          |     1 |       |     1 |       ||     2
  Eat: Chunk             |     3 |     2 |     6 |     2 ||    13
       Bread ration      |       |     1 |     2 |       ||     3
       Pizza             |       |     1 |     1 |       ||     2
       Royal jelly       |       |     1 |       |       ||     1
       Fruit             |       |       |     6 |       ||     6
       Beef jerky        |       |       |     3 |       ||     3
       Meat ration       |       |       |     1 |     2 ||     3
Armor: Animal skin       |     3 |       |       |       ||     3
       Ring mail         |     9 |    37 |    50 |    30 ||   126
       Plate armour      |       |       |       |    13 ||    13
Dodge: Dodged            |    53 |    64 |    98 |    49 ||   264
